 Dungeon Crawl Stone Soup version 0.19.1-28-ge1247f7 (webtiles) character file.

242 Gargoyl the Skirmisher (level 6, -3/53 HPs)
             Began as a Ghoul Abyssal Knight on Jan 21, 2017.
             Was a Believer of Lugonu.
             Slain by a sky beast (6 damage)
             ... on level 5 of the Dungeon.
             The game lasted 00:09:08 (4157 turns).

Gargoyl the Skirmisher (Ghoul Abyssal Knight)       Turns: 4157, Time: 00:09:08

Health: -3/53      AC: 17    Str: 16      XL:     6   Next: 9%
Magic:  6/6        EV:  5    Int:  6 (7)  God:    Lugonu [**....]
Gold:   214        SH:  4    Dex:  8 (10) Spells: 0 memorised, 5 levels left

rFire  . . .     SeeInvis .     a - +1 hand axe
rCold  + . .     Gourm    .     b - +0 plate armour
rNeg   + + +     Faith    .     l - +1 buckler
rPois  ∞         Spirit   .     (no helmet)
rElec  .         Reflect  .     m - +2 cloak
rCorr  .         Harm     .     (no gloves)
MR     .....                    i - +2 pair of boots
Stlth  ..........               (no amulet)
                                (no ring)
                                o - +1 ring of evasion

@: rotting
A: rotting body, claws 1, carnivore 3, cold resistance 1, negative energy
resistance 3, slow regeneration 1, torment resistance, unbreathing
a: Depart the Abyss, Bend Space, Renounce Religion


You were on level 5 of the Dungeon.
You worshipped Lugonu.
Lugonu was pleased with you.
You were not hungry.

You visited 1 branch of the dungeon, and saw 5 of its levels.
You visited the Abyss 1 time.

You collected 214 gold pieces.

Inventory:

Hand Weapons
 a - a +1 hand axe (weapon)
 q - a +0 spear
Armour
 b - a +0 plate armour (worn)
 i - a +2 pair of boots (worn)
 l - a +1 buckler (worn)
 m - a +2 cloak (worn)
Jewellery
 o - a +1 ring of evasion (left claw)
Wands
 s - a wand of flame (39/48)
Scrolls
 d - 3 scrolls of teleportation
 j - 2 scrolls of recharging
 n - a scroll of remove curse
 r - a scroll of enchant armour
Potions
 e - a potion of cancellation
Comestibles
 c - 4 meat rations
 f - 4 beef jerkies
 k - a slice of pizza
 w - a royal jelly


   Skills:
 + Level 4.4 Fighting
 + Level 3.6 Axes
 + Level 3.2 Armour
 + Level 1.0 Dodging
 + Level 1.1 Shields
 + Level 2.2 Invocations


You had 5 spell levels left.
You didn't know any spells.

Dungeon Overview and Level Annotations

Branches:
Dungeon (5/15)             Temple (0/1) D:4

Altars:


Innate Abilities, Weirdness & Mutations

Your body is rotting away.
You thrive on raw meat.
You are immune to poison.
You have sharp fingernails.
You are carnivorous and can eat meat at any time.
Your flesh is cold resistant. (rC+)
You are immune to negative energy. (rN+++)
You regenerate slowly when monsters are visible.
You are immune to unholy pain and torment.
You can survive without breathing.


Message History

The sky beast is moderately wounded.
The sky beast hits you but does no damage.
You hit the sky beast.
The sky beast is heavily wounded.
You block the sky beast's attack. The sky beast barely misses you.
Your plate armour prevents you from hitting the sky beast.
The sky beast is heavily wounded.
The sky beast hits you but does no damage.
You closely miss the sky beast.
The sky beast is heavily wounded.
The sky beast flickers out of sight!
Deactivating autopickup; reactivate with Ctrl-A.
Something hits you but does no damage.
You hit something. Something hits you but does no damage.
Your plate armour prevents you from hitting something.
Something hits you but does no damage.
You closely miss something. Something hits you.
* * * LOW HITPOINT WARNING * * *
Something shocks you.
You die...

..>..........#####
##.##..###.#.....#
##)##...(......#.#
.......#######.#.#
##.###.8.. #.#.#
##... .#######.#.#
######.........#.#
# #.######...# #
###@# #{##########
#..........#
##########.# #. ..
#. ## #. #. ##. #.


There were no monsters in sight!

Vanquished Creatures
  An orc priest (D:5)
  An orc wizard (D:4)
  A worker ant (D:4)
  A hound skeleton (D:4)
  2 adders
  7 gnolls
  2 worms
  2 dart slugs (D:3)
  2 leopard geckos
  4 orcs
  3 bats (D:2)
  A giant cockroach (D:5)
  10 hobgoblins
  2 quokkas
  5 frilled lizards
  6 goblins
  5 kobolds
  9 rats
64 creatures vanquished.

Notes
Turn   | Place    | Note
-------+----------+-------------------------------------------
     0 | Abyss:1  | Gargoyl the Ghoul Abyssal Knight began the quest for the Orb.
     0 | Abyss:1  | Reached XP level 1. HP: 19/19 MP: 1/1
    15 | Abyss:1  | Found a corrupted altar of Lugonu.
   205 | Abyss:2  | Noticed a hellephant
   222 | Abyss:2  | Noticed a fire bat
   224 | Abyss:2  | Noticed a small abomination
   226 | D:1      | Escaped the Abyss
   406 | D:1      | Reached XP level 2. HP: 27/27 MP: 2/2
   626 | D:1      | Reached * piety under Lugonu
  1359 | D:2      | Reached XP level 3. HP: 27/33 MP: 3/3
  1405 | D:2      | Reached skill level 4 in Fighting
  2100 | D:3      | Reached XP level 4. HP: 25/40 MP: 4/4
  2694 | D:3      | Reached skill level 1 in Shields
  2941 | D:4      | Reached skill level 1 in Dodging
  3067 | D:5      | Entered Level 5 of the Dungeon
  3097 | D:5      | Reached XP level 5. HP: 11/46 MP: 5/5
  3224 | D:4      | Reached ** piety under Lugonu
  3566 | D:4      | Reached XP level 6. HP: 49/53 MP: 6/6
  3655 | D:4      | Found a staircase to the Ecumenical Temple.
  4112 | D:5      | Noticed a sky beast
  4157 | D:5      | Slain by a sky beast

Skill      XL: |  1  2  3  4  5 |
---------------+----------------+-----
Axes           | 2 3 |  3.6
Armour         | 2 3 |  3.2
Fighting       | 4 |  4.4
Shields        | 1 |  1.1
Dodging        | 1 |  1.0
Invocations    | |  2.2

Action                   |  1- 3 |  4- 6 || total
-------------------------+-------+-------++-------
Melee: Hand axe          |   144 |   192 ||   336
Invok: Depart the Abyss  |     1 |       ||     1
  Use: Scroll            |     7 |     4 ||    11
       Potion            |     1 |     5 ||     6
  Eat: Chunk             |    13 |    22 ||    35
Armor: Plate armour      |    77 |   142 ||   219
       Scale mail        |     1 |       ||     1
       Chain mail        |    42 |       ||    42
Dodge: Dodged            |    47 |    36 ||    83
Block: Buckler           |    15 |    23 ||    38
